 Dungeon Crawl Stone Soup version 0.28-a0-1382-g92835e5c71 (webtiles) character file.

Game seed: 4829028487125791745

199 ReploidZero the Magician (level 6, -9/41 HPs)
             Began as a Djinni Conjurer on Jan 1, 2022.
             Was a Follower of Uskayaw.
             Mangled by an ice beast (18 damage)
             ... on level 4 of the Dungeon.
             The game lasted 00:12:30 (4250 turns).

ReploidZero the Magician (Djinni Conjurer)          Turns: 4250, Time: 00:12:31

Health: -9/41      AC:  1    Str:  6    XL:     6   Next: 6%
Gold:   152        EV: 12    Int: 21    God:    Uskayaw [*.....] SH:  0 Dex: 12

rFire   + + .      SeeInvis .   e - +6 lajatang (elec)
rCold   x . .      Faith    .   (shield currently unavailable)
rNeg    . . .      Spirit   .   a - +0 robe
rPois   ∞          Reflect  .   (no helmet)
rElec   .          Harm     .   (no cloak)
rCorr   .          Rampage  .   (no gloves)
Will    .....                   (boots unavailable)
Stlth   ++........              (no amulet)
HPRegen 0.13/turn               (no ring)
MPRegen 0.00/turn               (no ring)

@: flying, studying 2 skills
A: sickness immunity, fire resistance 2, cold vulnerability 1, float, innate
caster, hp casting, extra vitality 1, deformed body, sturdy frame 1, noise
suppression
a: Renounce Religion, Stomp


You were on level 4 of the Dungeon.
You worshipped Uskayaw.
Uskayaw was noncommittal.
You visited 1 branch of the dungeon, and saw 4 of its levels.

You collected 152 gold pieces.

Inventory:

Hand Weapons
 e - a +6 lajatang of electrocution (weapon)
Missiles
 k - 19 poisoned darts
Armour
 a - a +0 robe (worn)
Magical Staves
 c - a staff of air
Jewellery
 b - a +6 ring of dexterity
 l - a ring of fire
Scrolls
 f - a scroll of magic mapping {unknown}
 h - a scroll of fear {unknown}
 j - a scroll of teleportation
Potions
 d - 2 potions of lignification {unknown}
 g - a potion of curing {unknown}


   Skills:
 - Level 0.8 Fighting
 + Level 3.0 Staves
 - Level 2.1 Dodging
 - Level 1.5 Stealth
 + Level 5.2 Spellcasting


You couldn't memorise any spells.
You knew the following spells:

 Your Spells              Type           Power      Damage    Failure   Level
a - Magic Dart            Conj           100%       1d8       1%          1
b - Searing Ray           Conj           54%        2d6       1%          2
c - Dazzling Flash        Conj/Hex       54%        N/A       3%          3
d - Fulminant Prism       Conj/Hex       13%        3d9       12%         4
e - Iskenderun's Mystic   Conj/Tloc      27%        2d7       12%         4
f - Summon Small Mammal   Summ           100%       N/A       1%          1
g - Call Imp              Summ           27%        N/A       1%          2
Your spell library was empty.

Dungeon Overview and Level Annotations

Branches:
Dungeon (4/15)
 Temple: D:4-7

Altars:
Elyvilon
Uskayaw


Innate Abilities, Weirdness & Mutations

You are immune to sickness and miasma.
You are immune to poison.
Your flesh is very heat resistant. (rF++)
You are vulnerable to cold. (rC-)
You float through the air rather than walking.
You learn spells naturally, not from books.
Your magical power is your life essence.
You have superior vitality. (+4 MHP)
Armour fits poorly on your strangely shaped body.
Your movements are slightly less encumbered by armour. (ER -2)
You passively dampen the noise of your surroundings.


Message History

The ice beast barely misses you.
The searing ray hits the ice beast.
The ice beast is moderately wounded.
The ice beast misses you.
Unknown command.
Casting: Searing Ray (safe; 1% risk of failure)
Confirm with . or Enter, or press ? or * to list all spells.
Aiming: Magic Dart (safe; 1% risk of failure)
Press: ? - help, Shift-Dir - straight line, f/p - ice beast
Aim: an ice beast (moderately wounded, 100% to hit)
Okay, then.
Unknown command.
Casting: Magic Dart (safe; 1% risk of failure)
Confirm with . or Enter, or press ? or * to list all spells.
Okay, then.
Aiming: Line Pass
Press: ? - help, Dir - move target, f/p - ice beast
Aim: an ice beast (moderately wounded)
You can't stand on top of the monster!
Aiming: Line Pass
Press: ? - help, Dir - move target, p - ice beast The ice beast appears confused.
Found a silvery potion and 2 scrolls labelled ONEVOTRIWK.
You can no longer pass through a line of other dancers.
Unknown command.
Casting: Magic Dart (safe; 1% risk of failure)
Confirm with . or Enter, or press ? or * to list all spells.
Aiming: Searing Ray (safe; 1% risk of failure)
Press: ? - help, Shift-Dir - straight line, f - ice beast
Aim: an ice beast (moderately wounded, confused, 93% to hit)
The searing ray hits the ice beast.
The ice beast is heavily wounded. (Press . to maintain the ray.)
The ice beast seems less confused.
The searing ray hits the ice beast!
The ice beast is severely wounded.
The ice beast hits you.
* * * LOW HITPOINT WARNING * * *
The ice beast freezes you!!
You feel a terrible chill!
You die...

#.....#
#########
#.....#
#...#.#
#.#.#.#
#.....#
#.##..#
#.##..#
###.##.Y####
.....^.@..!#
...........#
.......>...#
............#
............#
######...##.#
#.... .#
#?### #


You could see an ice beast.

Vanquished Creatures
  An ice beast (D:4)
  An iguana (D:3)
  3 adders (D:2)
  2 dart slugs
  A ball python (D:2)
  4 endoplasms
  A giant cockroach (D:1)
  7 hobgoblins
  7 jackals (D:1)
  A quokka (D:3)
  2 bats
  2 frilled lizards
  5 goblins
  4 kobolds
  9 rats
50 creatures vanquished.

Notes
Turn   | Place    | Note
-------+----------+-------------------------------------------
     0 | D:1      | ReploidZero the Djinni Conjurer began the quest for the
                  | Orb.
     0 | D:1      | Reached XP level 1. HP: 15/15 MP: 0/0
   208 | D:1      | Reached XP level 2. HP: 14/21 MP: 0/0
   720 | D:1      | Found a faded altar of an unknown god.
   869 | D:1      | Prayed at the altar of an unknown god.
   869 | D:1      | Became a worshipper of Uskayaw the Reveller
   869 | D:1      | Reached * piety under Uskayaw
   956 | D:1      | Reached ** piety under Uskayaw
   958 | D:1      | Reached XP level 3. HP: 21/25 MP: 0/0
   958 | D:1      | Learned a level 1 spell: Summon Small Mammal
   959 | D:1      | Reached *** piety under Uskayaw
  1087 | D:1      | Reached skill level 4 in Spellcasting
  1088 | D:1      | Reached **** piety under Uskayaw
  1845 | D:2      | Reached XP level 4. HP: 21/31 MP: 0/0
  2752 | D:3      | Identified 3 scrolls of acquirement
  2772 | D:3      | Acquired a +6 lajatang of electrocution
  3061 | D:2      | Acquired a manual of Spellcasting
  3089 | D:2      | Acquired a manual of Staves
  3502 | D:3      | Found a white marble altar of Elyvilon.
  3774 | D:3      | Gained mutation: You tend to lose your temper in combat.
                  | [potion of mutation]
  3774 | D:3      | Gained mutation: Your movements are slightly less
                  | encumbered by armour. (ER -2) [potion of mutation]
  3775 | D:3      | Lost mutation: You tend to lose your temper in combat.
                  | [potion of mutation]
  3775 | D:3      | Gained mutation: You passively dampen the noise of your
                  | surroundings. [potion of mutation]
  3775 | D:3      | Gained mutation: Armour fits poorly on your strangely
                  | shaped body. [potion of mutation]
  3913 | D:3      | Reached skill level 1 in Staves
  3913 | D:3      | Reached XP level 5. HP: 28/36 MP: 0/0
  3913 | D:3      | Learned a level 2 spell: Call Imp
  4101 | D:4      | Noticed an ice beast
  4108 | D:4      | Killed an ice beast
  4109 | D:4      | Reached skill level 5 in Spellcasting
  4109 | D:4      | Reached XP level 6. HP: 31/41 MP: 0/0
  4241 | D:4      | Noticed an ice beast
  4250 | D:4      | Mangled by an ice beast

Illustrated notes

Levels and vault maps discovered:
D:1:      saegor_arrival_miasma, layout_basic,
          hellmonk_ecumenical_altar_zigzags, minmay_split_cup_small
D:2:      layout_loops_corners
D:3:      layout_rooms, overflow_temple_1_default
D:4:      layout_basic, led_xom_imps

Skill      XL: |  1  2  3  4  5 |
---------------+----------------+-----
Spellcasting   | 4 5 |  5.2
Staves         | 1 3 |  3.0
Fighting       | |  0.8
Dodging        | |  2.1
Stealth        | |  1.5

Action                   |  1- 3 |  4- 6 || total
-------------------------+-------+-------++-------
Melee: Dagger            |     4 |       ||     4
       Lajatang          |       |    17 ||    17
 Cast: Magic Dart        |    52 |    28 ||    80
       Searing Ray       |     2 |     5 ||     7
       Iskenderun's Myst |       |     1 ||     1
       Dazzling Flash    |       |     1 ||     1
Invok: Stomp             |       |     1 ||     1
       Line Pass         |       |     1 ||     1
  Use: Scroll            |     1 |     7 ||     8
       Potion            |       |     2 ||     2
 Stab: Sleeping          |       |     1 ||     1
Armor: Robe              |     4 |    10 ||    14
Dodge: Dodged            |     7 |    25 ||    32

Table legend: (Time is in decaauts)
 A = Elapsed time spent in this place.
 B = Non-inter-level travel time spent in this place.
 C = Inter-level travel time spent in this place.
 D = Time resting spent in this place.
 E = Time spent auto-exploring this place.
 F = Levels seen in this place.
 G = Mean time per level.
                   A        B        C        D        E       F      G
               +--------+--------+--------+--------+--------+-----+--------+
         Total |   4257 |   4085 |    172 |      0 |   3577 |   4 | 1064.2 |
       Dungeon |   4257 |   4085 |    172 |      0 |   3577 |   4 | 1064.2 |
               +--------+--------+--------+--------+--------+-----+--------+

Top non-repeatable levels by time:
     D:2: 1667 daAuts
     D:1: 1653 daAuts
     D:3: 768 daAuts
     D:4: 167 daAuts
